 Dungeon Crawl Stone Soup version 0.31-a0-188-g5e087ee2ca (webtiles) character file.

Game seed: 16654888793774532186

75 qw the Shooter (level 4, 0/25 HPs)
             Began as a Deep Elf Hunter on June 23, 2023.
             Slain by an orc
             ... wielding a +0 flail
              (4 damage)
             ... on level 2 of the Dungeon.
             The game lasted 00:00:41 (1719 turns).

qw the Shooter (Deep Elf Hunter)                    Turns: 1719, Time: 00:00:41

Health: 0/25       AC:  5    Str: 10    XL:     4   Next: 11%
Magic:  6/6        EV: 11    Int: 14    God:
Gold:   93         SH:  0    Dex: 18    Spells: 3/3 levels left

rFire   . . .        Y - +0 shortbow
rCold   . . .        (shield currently unavailable)
rNeg    . . .        d - +0 ring mail
rPois   .            (no helmet)
rElec   .            (no cloak)
rCorr   .            (no gloves)
SInv    .            (no boots)
Will    .....        (no amulet)
Stlth   +            (no ring)
HPRegen 0.24/turn    (no ring)
MPRegen 0.10/turn

%: no passive effects
@: about to teleport
A: no striking features
a: no special abilities


You were on level 2 of the Dungeon.
You visited 1 branch of the dungeon, and saw 3 of its levels.

You collected 93 gold pieces.


   Skills:
 - Level 1.5 Fighting
 + Level 7.5 Ranged Weapons
 - Level 2.4 Dodging
 - Level 1.2 Stealth


You had 3 spell levels left.
You didn't know any spells.
Your spell library was empty.

Inventory:

Hand Weapons
 Y - a +0 shortbow (weapon)
Armour
 d - a +0 ring mail (worn)
Potions
 e - a potion of heal wounds {unknown}
 f - a potion of enlightenment {unknown}
 h - a potion of haste {unknown}
 i - a potion of invisibility {unknown}

Dungeon Overview and Level Annotations

Branches:
Dungeon (3/15)

Altars:


Message History

A giant cockroach comes into view.
An orc wizard comes into view. It is wielding a +0 dagger.
You shoot an arrow. The arrow barely misses the goblin.
The goblin hits you but does no damage.
An orc wizard comes into view. It is wielding a +0 dagger.
You shoot an arrow. The arrow hits the orc!
You kill the orc!
The orc hits you but does no damage. The goblin hits you but does no damage.
You shoot an arrow. The arrow barely misses the orc.
The arrow barely misses the giant cockroach.
The orc hits you with a +0 flail! The goblin hits you with a +0 dagger.
1713 ||| STAIRDANCE The orc wizard casts a spell.
The orc wizard flickers and vanishes!
Deactivating autopickup; reactivate with Ctrl-A.
The orc barely misses you. The goblin hits you with a +0 dagger.
You climb upwards.
Reactivating autopickup.
There is a stone staircase leading down here.
Enter note:
Enter note:
Enter note:
Enter note:
Enter note:
Enter note: You shoot an arrow.
The arrow hits the orc.
The orc is almost dead.
The orc hits you with a +0 flail. The goblin hits you but does no damage.
The orc hits you but does no damage. The goblin closely misses you.
You shoot an arrow. The arrow barely misses the orc.
The orc completely misses you. The goblin hits you but does no damage.
You shoot an arrow. The arrow closely misses the orc.
The orc hits you with a +0 flail! The goblin closely misses you.
1718 ||| READING scroll of teleportation.
As you read the scroll of teleportation, it crumbles to dust.
You feel strangely unstable. The orc closely misses you.
The goblin hits you but does no damage.
You shoot an arrow. The arrow closely misses the orc.
The orc hits you with a +0 flail.
You die...

#..........%.#
#~.8~#.
#...###.####.#
#~8.~#. #..##
#.##...# #~.~~#. #..#
#..#.#.# ##%###. #..#
##.#.#.# #.###. #..#
#.#.#.# #...%. #.)#
##.#.#.# #####. #..#
##....#.# #.
#..###...g@..# #.
#...?)....o..# ##
##.###......###
#.####.......########
#.#.................#
#.#.#####.##.######.#
#.#.# #....# #.#
#>#.# #..### #.#
#.#.# #..# #.#


You could see an orc and a goblin.

Vanquished Creatures
  An adder (D:2)
  3 worms (D:2)
  An orc (D:3)
  5 bats
  6 endoplasms
  3 giant cockroaches
  4 goblins
  2 hobgoblins
  5 jackals
  5 quokkas (D:1)
  5 ball pythons
  2 frilled lizards (D:2)
  4 kobolds
  4 rats
50 creatures vanquished.

Notes
Turn   | Place    | Note
-------+----------+-------------------------------------------
     0 | D:1      | qw the Deep Elf Hunter began the quest for the Orb.
     0 | D:1      | Reached XP level 1. HP: 12/12 MP: 3/3
     0 | D:1      | 0 ||| qw: Version: 0.3-a-9-g12657ce
     0 | D:1      | 0 ||| qw: Game counter: 3706
     0 | D:1      | 0 ||| qw: Always use a shield: true
     0 | D:1      | 0 ||| qw: God list: Okawaru
     0 | D:1      | 0 ||| qw: Allow faded altars: false
     0 | D:1      | 0 ||| qw: Do Orc after D:15 true
     0 | D:1      | 0 ||| qw: Do second Lair branch before Depths: true
     0 | D:1      | 0 ||| qw: Lair rune preference: random
     0 | D:1      | 0 ||| qw: Plans: Normal
     0 | D:1      | 0 ||| PLANNING D:1-11
   135 | D:1      | Reached XP level 2. HP: 16/16 MP: 4/4
   149 | D:1      | Reached skill level 6 in Ranged Weapons
   601 | D:1      | Reached XP level 3. HP: 20/20 MP: 5/5
   870 | D:1      | 870 ||| UPGRADING to +0 ring mail.
   880 | D:1      | 880 ||| DROPPING +0 leather armour.
   881 | D:1      | 881 ||| READING scroll labelled LOONUSS WIGA.
   882 | D:1      | 882 ||| DROPPING scroll of butterflies.
   986 | D:2      | Reached skill level 7 in Ranged Weapons
  1166 | D:2      | 1166 ||| FLEEEEING.
  1167 | D:2      | 1167 ||| FLEEEEING.
  1279 | D:2      | Reached XP level 4. HP: 25/25 MP: 6/6
  1315 | D:2      | HP: 1/25 [worm (10)]
  1692 | D:2      | 1692 ||| READING 2 scrolls labelled VEMOMURO JEAL.
  1697 | D:2      | 1697 ||| READING scroll labelled WYOCIMP DUROS.
  1698 | D:2      | 1698 ||| READING 2 scrolls labelled WUYQEFIEPA.
  1699 | D:2      | 1699 ||| READING scroll labelled JEZUJA XIKHLIWN.
  1700 | D:2      | 1700 ||| DROPPING scroll of blinking.
  1713 | D:3      | 1713 ||| STAIRDANCE
  1717 | D:2      | HP: 3/25 [orc/+0 flail (7)]
  1718 | D:2      | 1718 ||| READING scroll of teleportation.
  1719 | D:2      | Slain by an orc

Levels and vault maps discovered:
D:1:      tarquinn_simple_flora_water_c, layout_basic
D:2:      minmay_spotlight, layout_loops_ring, kennysheep_generic_room_14
D:3:      layout_loops_cross, serial_shops, shop, nicolae_shop_rolled_up, shop

Skill      XL: |  1  2  3 |
---------------+----------+-----
Ranged Weapons | 6 7 |  7.5
Fighting       | |  1.5
Dodging        | |  2.4
Stealth        | |  1.2

Action                     |  1- 3 |  4- 6 || total
---------------------------+-------+-------++-------
   Fire: Shortbow          |   138 |    28 ||   166
    Use: Scroll            |     1 |     5 ||     6
 Armour: Leather armour    |     9 |       ||     9
         Ring mail         |    11 |     8 ||    19
  Dodge: Dodged            |    30 |    12 ||    42

Table legend:
 A = Non-vault XP
 B = Vault XP
 C = Vault XP percentage of total XP
 D = Non-vault monster count
 E = Vault monster count
 F = Vault count percentage of total count
                 A         B        C        D         E       F
            +---------+---------+-------+---------+---------+-------
      Total |      99 |       9 |   8.3 |      43 |       7 |  14.0
            +---------+---------+-------+---------+---------+-------
        D:1 |      48 |       0 |   0.0 |      27 |       0 |   0.0
        D:2 |      48 |       9 |  15.8 |      15 |       7 |  31.8
        D:3 |       3 |       0 |   0.0 |       1 |       0 |   0.0
            +---------+---------+-------+---------+---------+-------
